 Dungeon Crawl Stone Soup version 0.24-a0-235-g3f03afcf10 (webtiles) character file.

Game seed: 1550793708236041407

11860 CedricTheThird the Grappler (level 11, -13/112 HPs)
             Began as a Demonspawn Berserker on Apr 9, 2019.
             Was a High Priest of Trog.
             Killed from afar by a deep elf mage (36 damage)
             ... with a bolt of lightning
             ... on level 11 of the Dungeon.
             The game lasted 00:28:35 (9762 turns).

CedricTheThird the Grappler (Demonspawn Berserker)  Turns: 9762, Time: 00:28:37

Health: -13/112    AC: 22    Str: 29    XL:     11   Next: 54%
Magic:  11/11      EV:  5    Int:  8    God:    Trog [*****.]
Gold:   217        SH:  8    Dex: 12    Spells: 10/10 levels left

rFire    + . .     SeeInvis +     - Unarmed
rCold    . . .     Gourm    .   p - +0 shield
rNeg     . . .     Faith    .   h - +6 plate armour {rF+}
rPois    .         Spirit   .   (helmet restricted)
rElec    .         Reflect  .   u - +1 cloak
rCorr    .         Harm     .   m - +0 pair of gloves
MR       ++...                  H - +0 pair of boots
Stlth    ..........             (no amulet)
HPRegen  1.28/turn              (no ring)
MPRegen  0.12/turn              (no ring)

@: berserking, regenerating, very quick
A: antennae 2, claws 1, talons 1, see invisible, demonic guardian 1, shaggy fur
1, strong 1
a: Berserk, Trog's Hand, Brothers in Arms, Renounce Religion


You were on level 11 of the Dungeon.
You worshipped Trog.
Trog was extremely pleased with you.
You were very hungry.

You visited 2 branches of the dungeon, and saw 12 of its levels.
You also visited: Sewer.

You collected 712 gold pieces.
You spent 495 gold pieces at shops.

Inventory:

Missiles
 o - 2 throwing nets (quivered)
Armour
 h - a +6 plate armour of fire resistance (worn)
 m - a +0 pair of gloves (worn)
 p - a +0 shield (worn)
 u - a +1 cloak (worn)
 H - a +0 pair of boots (worn)
Jewellery
 g - an uncursed ring of ice
 r - an uncursed ring of flight {unknown}
 G - an uncursed ring of ice
Wands
 d - a wand of disintegration (15)
 n - a wand of polymorph (9)
 v - a wand of enslavement (7)
 F - a wand of digging (4)
 J - a wand of flame (19)
 L - a wand of acid (7)
Scrolls
 e - 4 scrolls of magic mapping
 f - 8 scrolls of identify
 k - 4 scrolls of remove curse
 q - 3 scrolls of enchant weapon
 s - a scroll of blinking
 x - 2 scrolls of fear
 y - 7 scrolls of fog
 A - a scroll of silence {unknown}
 D - a scroll of teleportation
 K - a scroll of immolation {unknown}
Potions
 a - a potion of lignification
 b - a potion of experience {unknown}
 i - a potion of heal wounds
 j - 5 potions of magic
 l - 2 potions of resistance
 t - a potion of haste
 w - a potion of mutation
 z - a potion of ambrosia {unknown}
 B - 3 potions of degeneration {unknown}
 C - a potion of berserk rage {unknown}
 E - a potion of curing
 I - a potion of brilliance {unknown}
Comestibles
 c - 14 rations
 M - a chunk of flesh


   Skills:
 - Level 3.0 Fighting
   Level 9.0 Maces & Flails
 - Level 1.7 Armour
 - Level 1.7 Dodging
 * Level 14.1 Unarmed Combat


You had 10 spell levels left.
You didn't know any spells.
Your spell library was empty.

Dungeon Overview and Level Annotations

Branches:
Dungeon (11/15)            Temple (1/1) D:4             Orc (0/2) D:9
   Lair: D:8-11

Altars:
Ashenzari
Cheibriados
Dithmenos
Elyvilon
Fedhas
Gozag
Hepliaklqana
Kikubaaqudgha
Makhleb
Nemelex Xobeh
Okawaru
Qazlal
Ru
Sif Muna
Trog
Uskayaw
Vehumet
Wu Jian
Xom
Yredelemnul
Zin
The Shining One

Shops:
D:6 *   D:7 [:[   D:10 :


Innate Abilities, Weirdness & Mutations

You have a pair of antennae on your head.
You have sharp fingernails.
You have sharp toenails.
A weak demonic guardian rushes to your aid.
You have supernaturally acute eyesight. (SInv)
You are covered in fur. (AC +1)
Your muscles are strong. (Str +2)


Message History

The killer bee barely misses you.
The killer bee stings you but does no damage.
You miss the killer bee. You block the killer bee's attack.
You closely miss the killer bee. The killer bee barely misses you.
You are feeling very hungry.
You pummel the killer bee!!
You kill the killer bee!
Trog accepts your kill.
You miss the deep elf mage.
The deep elf mage hits you but does no damage.
You miss the deep elf mage. You punch the deep elf mage!
The deep elf mage is heavily wounded.
Your shield and plate armour prevent you from hitting the deep elf mage.
The deep elf mage is heavily wounded.
The deep elf mage gestures at you while chanting.
The bolt of lightning hits you!!
* * * LOW HITPOINT WARNING * * *
The bolt of lightning hits you!!!
You die...

. .## ## ## .# #.#...
##. #. . ....# # #..
##.# .#...# .. ##..
#...##.#..#..# ##...
##...........# ###....
#. #..#...# ##...#..
.##..##e....#####....#..
.......@#..###....#.##..
.....⌠..#..†............
...................###..
.#####################
###
..............########
.###...##...........#
#...##...........#
#...##...........#
#..{##......†>...#


You could see a deep elf mage.

Vanquished Creatures
  An unseen horror (D:11)
  2 ugly things
  A komodo dragon (D:11)
  5 trolls
  3 hippogriffs
  Sigmund (D:2)
  11 yaks
  Edmund (D:6)
  4 wargs (D:9)
  Duvessa (D:6)
  5 orc warriors
  2 sky beasts
  An eye of draining (D:10)
  3 ice beasts
  4 ogres
  3 black bears
  A phantom (D:10)
  3 centaurs
  A crocodile (D:10)
  A big kobold (D:9)
  7 bullfrogs
  A gnoll sergeant (D:6)
  Dowan (D:6)
  2 water moccasin zombies
  2 scorpions
  6 killer bees (D:11)
  The ghost of loom the Charmwright, a weakling GnSk (D:4)
  9 wights
  7 howler monkeys
  3 bullfrog zombies
  7 crimson imps
  A quasit (D:7)
  A centaur zombie (D:8)
  A gnoll shaman (D:7)
  4 jellies
  Crazy Yiuf (D:2)
  2 centaur skeletons
  3 hounds
  5 orc priests
  10 orc wizards
  Jessica (D:3)
  6 iguanas
  6 worker ants
  14 gnolls
  18 adders
  2 river rats (Sewer)
  3 shadow imps
  3 oozes
  3 adder skeletons
  An adder zombie (D:5)
  3 worms
  2 dart slugs
  4 leopard geckos
  38 orcs
  5 ball pythons
  5 bats
  4 giant cockroaches
  2 gnoll zombies (D:3)
  5 goblins
  9 hobgoblins
  11 jackals
  6 quokkas
  A ball python skeleton (D:5)
  2 frilled lizards
  9 kobolds
  A leopard gecko zombie (D:8)
  31 rats
323 creatures vanquished.

Vanquished Creatures (collateral kills)
  The ghost of Redear the Sneak, a novice OpEE of Zin (D:6)
  A hippogriff (D:9)
  2 yaks (D:11)
  A black bear (D:6)
  An ogre (D:10)
  A killer bee (D:11)
  3 orc wizards
  An orc priest (D:3)
  Terence (D:2)
  2 worker ants (D:4)
  A gnoll (D:2)
  An adder (Sewer)
  5 orcs
  A giant cockroach (D:6)
  6 ball pythons (Sewer)
  2 frilled lizards
30 creatures vanquished.

Vanquished Creatures (others)
  6 plants (D:11)
6 creatures vanquished.

Grand Total: 359 creatures vanquished

Notes
Turn   | Place    | Note
-------+----------+-------------------------------------------
     0 | D:1      | CedricTheThird the Demonspawn Berserker began the quest for
                  | the Orb.
     0 | D:1      | Reached XP level 1. HP: 18/18 MP: 1/1
   323 | D:1      | Gained mutation: You have a pair of small antennae on your
                  | head. [demonic ancestry]
   323 | D:1      | Reached XP level 2. HP: 23/24 MP: 2/2
   615 | D:2      | Gained mutation: A weak demonic guardian rushes to your
                  | aid. [demonic ancestry]
   615 | D:2      | Reached XP level 3. HP: 25/29 MP: 3/3
   638 | D:2      | Reached XP level 4. HP: 8/35 MP: 4/4
   830 | D:2      | Noticed Terence
   837 | D:2      | Killed Terence
   880 | D:2      | Found a runed translucent door.
   881 | D:2      | Noticed Crazy Yiuf
   924 | D:2      | Reached ** piety under Trog
  1061 | D:2      | Noticed Sigmund
  1069 | D:2      | Killed Sigmund
  1069 | D:2      | Reached XP level 5. HP: 41/41 MP: 5/5
  1223 | D:2      | Killed Crazy Yiuf
  1223 | D:2      | Reached XP level 6. HP: 47/47 MP: 6/6
  1414 | D:3      | Noticed Jessica
  1421 | D:3      | Killed Jessica
  1511 | D:3      | Found a glowing drain.
  1536 | Sewer    | Entered a sewer
  1779 | Sewer    | Reached *** piety under Trog
  1893 | Sewer    | Gained mutation: You have sharp fingernails. [demonic
                  | ancestry]
  1893 | Sewer    | Reached XP level 7. HP: 52/52 MP: 7/7
  2214 | D:3      | Found a basalt altar of Yredelemnul.
  2235 | D:3      | Found a deep blue altar of Sif Muna.
  3065 | D:4      | Reached **** piety under Trog
  3119 | D:4      | Found a staircase to the Ecumenical Temple.
  3129 | D:4      | Noticed a hippogriff
  3133 | Temple   | Entered the Ecumenical Temple
  3287 | D:4      | Killed a hippogriff
  3287 | D:4      | Gained mutation: You have sharp toenails. [demonic
                  | ancestry]
  3287 | D:4      | Reached XP level 8. HP: 46/58 MP: 8/8
  3404 | D:4      | Found a runed translucent door.
  3404 | D:4      | Noticed loom's ghost (weakling GnSk)
  3692 | D:4      | Killed loom's ghost
  3692 | D:4      | Reached skill level 1 in Unarmed Combat
  3733 | D:5      | Entered Level 5 of the Dungeon
  3990 | D:5      | Reached skill level 2 in Unarmed Combat
  4394 | D:5      | Found a hide-covered altar of Uskayaw.
  4419 | D:5      | Reached skill level 3 in Unarmed Combat
  4602 | D:6      | Noticed Edmund
  4616 | D:6      | Killed Edmund
  4620 | D:6      | Reached skill level 4 in Unarmed Combat
  4657 | D:6      | HP: 1/58 [orc warrior/+0 flail (10)]
  4745 | D:6      | Reached skill level 5 in Unarmed Combat
  4899 | D:6      | Found Gadwooc's Assorted Antiques.
  5056 | D:6      | Noticed Duvessa
  5057 | D:6      | Noticed Dowan
  5062 | D:6      | Reached skill level 6 in Unarmed Combat
  5080 | D:6      | Killed Duvessa
  5080 | D:6      | Reached XP level 9. HP: 63/63 MP: 9/9
  5085 | D:6      | Killed Dowan
  5107 | D:6      | Found a runed translucent gate.
  5107 | D:6      | Found a runed translucent gate.
  5107 | D:6      | Found a runed translucent gate.
  5107 | D:6      | Noticed Redear's ghost (novice OpEE)
  5242 | D:6      | Killed Redear's ghost
  5242 | D:6      | Reached skill level 7 in Unarmed Combat
  5685 | D:6      | Reached skill level 8 in Unarmed Combat
  6109 | D:7      | Reached skill level 9 in Unarmed Combat
  6300 | D:7      | Found Cenuduat's Book Shoppe.
  6327 | D:7      | Found Dobuyqoj's Armour Emporium.
  6415 | D:7      | Found Engaifad's Armour Shop.
  6457 | D:7      | Found a shimmering altar of Xom.
  6466 | D:7      | Noticed a troll
  6470 | D:7      | Killed a troll
  6615 | D:8      | Reached skill level 10 in Unarmed Combat
  6615 | D:8      | Reached XP level 10. HP: 70/70 MP: 10/10
  6822 | D:8      | Found a deep blue altar of Sif Muna.
  6897 | D:7      | Bought a +3 plate armour of fire resistance for 495 gold
                  | pieces
  7067 | D:8      | Found a blossoming altar of Fedhas.
  7068 | D:8      | Found a sacrificial altar of Ru.
  7072 | D:8      | Found a white marble altar of Elyvilon.
  7073 | D:8      | Found a hide-covered altar of Uskayaw.
  7077 | D:8      | Found a glowing golden altar of the Shining One.
  7438 | D:9      | Reached ***** piety under Trog
  7518 | D:9      | Noticed a brown ugly thing
  7532 | D:9      | Killed a brown ugly thing
  7532 | D:9      | Reached skill level 11 in Unarmed Combat
  7688 | D:9      | Found a staircase to the Orcish Mines.
  7735 | D:9      | Got a transparent ring mail
  7745 | D:9      | Identified the +5 ring mail "Ujulazae" {rElec rF- rN++
                  | Dex+4} (You found it on level 9 of the Dungeon)
  7757 | D:9      | Gained mutation: Your muscles are strong. (Str +2) [potion
                  | of mutation]
  7757 | D:9      | Gained mutation: You are covered in fur. (AC +1) [potion of
                  | mutation]
  7757 | D:9      | Gained mutation: You have supernaturally acute eyesight.
                  | (SInv) [potion of mutation]
  8314 | D:9      | Reached skill level 12 in Unarmed Combat
  8549 | D:10     | Entered Level 10 of the Dungeon
  8553 | D:10     | Found Wuaceule's Book Shop.
  8987 | D:10     | Gained mutation: You have a pair of antennae on your head.
                  | [demonic ancestry]
  8987 | D:10     | Reached XP level 11. HP: 75/75 MP: 11/11
  9167 | D:10     | Received a gift from Trog
  9257 | D:10     | Reached skill level 13 in Unarmed Combat
  9450 | D:11     | Noticed a red ugly thing
  9459 | D:11     | Killed a red ugly thing
  9516 | D:11     | Noticed an unseen horror
  9526 | D:11     | Killed an unseen horror
  9584 | D:11     | Reached skill level 14 in Unarmed Combat
  9742 | D:11     | Noticed a deep elf mage
  9762 | D:11     | Killed from afar by a deep elf mage

Levels and vault maps discovered:
D:1:      dpeg_arrival_court, layout_basic
D:2:      layout_basic, uniq_terence, uniq_crazy_yiuf_cottage, uniq_sigmund
D:3:      layout_loops_ring, nicolae_overflow_hidden_temple,
          lemuel_zombie_altar_yredelemnul, cheibrodos_sewer_entry_drain,
          dk_noncrumbling_3, uniq_ijyb, uniq_jessica
D:4:      layout_gridville, minmay_temple_entry_sparse_star,
          hellmonk_ghost_happy_afterlife
D:5:      layout_loops_ring, basic_altar, first_ration
D:6:      layout_loops_ring, ebering_ghost_rock_garden, serial_shops, shop,
          uniq_edmund, uniq_duvessa
D:7:      layout_basic, serial_shops, shop, nicolae_shop_trees, kennysheep_mini,
          shop_fountains, basic_altar
D:8:      layout_basic, minitemple, lemuel_blue_sif_altar
D:9:      layout_irregular_city, minmay_orc_entry_guard_dogs
D:10:     layout_roguey, serial_shops, nicolae_shop_stone, grunt_ogre_cave,
          minmay_joined_circles
D:11:     regret_index_wax_grids, layout_basic, david_lair_shrubbed,
          serial_shops, nicolae_shop_statue_plus
Temple:   regret_index_temple_waves
Sewer:    sewer_minmay_w

Skill      XL: |  1  2  3  4  5  6  7  8  9 10 11 |
---------------+----------------------------------+-----
Maces & Flails | 3 4 6 7 9 |  9.0
Unarmed Combat | 6 10 12 14 | 14.1
Fighting       | |  3.0
Armour         | |  1.7
Dodging        | |  1.7

Action                   |  1- 3 |  4- 6 |  7- 9 | 10-12 || total
-------------------------+-------+-------+-------+-------++-------
Melee: Mace              |    57 |   280 |   278 |       ||   615
       Kick              |       |       |   103 |    37 ||   140
       Unarmed           |       |       |   178 |   573 ||   751
Invok: Berserk           |     1 |     3 |    12 |     8 ||    24
       Trog's Hand       |       |       |     6 |     2 ||     8
  Use: Potion            |       |       |    11 |     6 ||    17
       Scroll            |       |       |     4 |    13 ||    17
 Stab: Distracted        |       |       |     3 |     4 ||     7
  Eat: Chunk             |       |     6 |    16 |    12 ||    34
       Ration            |       |       |     4 |     2 ||     6
Armor: Chain mail        |    36 |   283 |   290 |       ||   609
       Troll leather arm |       |       |     1 |    12 ||    13
       Plate armour      |       |       |       |   343 ||   343
Dodge: Dodged            |    21 |   104 |    94 |    95 ||   314
Block: Shield            |       |   173 |   169 |   216 ||   558

Table legend:
 A = Non-vault XP
 B = Vault XP
 C = Vault XP percentage of total XP
 D = Non-vault monster count
 E = Vault monster count
 F = Vault count percentage of total count
                 A         B        C        D         E       F
            +---------+---------+-------+---------+---------+-------
      Total |   12966 |    3978 |  23.5 |     266 |      87 |  24.6
            +---------+---------+-------+---------+---------+-------
        D:1 |      24 |       0 |   0.0 |      11 |       0 |   0.0
        D:2 |      94 |     267 |  74.0 |      20 |       3 |  13.0
        D:3 |     181 |      44 |  19.6 |      19 |       5 |  20.8
        D:4 |     558 |      63 |  10.1 |      21 |       1 |   4.5
        D:5 |     267 |       0 |   0.0 |      14 |       0 |   0.0
        D:6 |    1073 |    1002 |  48.3 |      27 |       4 |  12.9
        D:7 |    1514 |       0 |   0.0 |      25 |       0 |   0.0
        D:8 |     690 |       0 |   0.0 |      23 |       0 |   0.0
        D:9 |    2683 |     579 |  17.7 |      54 |       4 |   6.9
       D:10 |    2665 |     777 |  22.6 |      25 |      12 |  32.4
       D:11 |    3217 |     932 |  22.5 |      27 |      10 |  27.0
      Sewer |       0 |     314 | 100.0 |       0 |      48 | 100.0
            +---------+---------+-------+---------+---------+-------
